 Dungeon Crawl Stone Soup version 0.19-a0-1071-g4ed3155 (webtiles) character file.

60 poirepourri the Gusty (level 4, 0/24 HPs)
             Began as a Tengu Air Elementalist on Aug 5, 2016.
             Slain by an orc warrior
             ... wielding a +0 dire flail
              (10 damage)
             ... on level 2 of the Dungeon.
             The game lasted 00:03:46 (2587 turns).

poirepourri the Gusty (Tengu Air Elementalist)      Turns: 2587, Time: 00:03:46

Health: 0/24       AC:  2    Str:  8    XL:     4   Next: 6%
Magic:  9/9        EV: 12    Int: 17    God:
Gold:   52         SH:  0    Dex: 14    Spells: 3 memorised, 3 levels left

rFire  . . .     SeeInvis .     f - +1 short sword
rCold  . . .     Gourm    .     a - +0 robe
rNeg   . . .     Faith    .     (no shield)
rPois  .         Spirit   .     (helmet restricted)
rElec  .         Dismiss  .     (no cloak)
rCorr  .         Reflect  .     (no gloves)
SustAt +         Harm     .     (boots unavailable)
MR     .....                    (no amulet)
Stlth  ++........               m - ring of sustain attributes
                                i - ring of wizardry

@:
A: beak, talons 3
a: no special abilities


You were on level 2 of the Dungeon.
You were not hungry.

You visited 1 branch of the dungeon, and saw 3 of its levels.

You collected 52 gold pieces.

Inventory:

Hand Weapons
 f - a +1 short sword (weapon)
Armour
 a - a +0 robe (worn)
Jewellery
 i - a ring of wizardry (left hand)
 m - a ring of sustain attributes (right hand)
Potions
 c - a potion of agility
 e - a potion of ambrosia {unknown}
 g - 2 potions of degeneration {unknown}
 k - a potion of cure mutation {unknown}
Books
 b - a book of Air

   Spells                             Type                      Level
   a - Shock                          Conjuration/Air              1
   b - Swiftness                      Charms/Air                   2
   c - Repel Missiles                 Charms/Air                   2
   d - Static Discharge               Conjuration/Air              3
   e - Lightning Bolt                 Conjuration/Air              5
Comestibles
 h - 2 slices of pizza
 j - a meat ration
 n - a bread ration


   Skills:
 - Level 2.1 Dodging
 - Level 2.0 Stealth
 + Level 2.9 Spellcasting
 + Level 2.2 Conjurations
 + Level 5.2 Air Magic


You had 3 spell levels left.
You knew the following spells:

 Your Spells              Type           Power        Failure   Level  Hunger
a - Shock                 Conj/Air       ###.         1%          1    #......
b - Swiftness             Chrm/Air       ##......     4%          2    ##.....
c - Repel Missiles        Chrm/Air       ##....       4%          2    ##.....


Dungeon Overview and Level Annotations

Branches:
Dungeon (3/15)

Altars:
Ashenzari


Innate Abilities, Weirdness & Mutations

You have a beak for a mouth.
You have claws for feet.


Message History

Found 17 gold pieces.
Found a stone staircase leading down.
There is a stone staircase leading up here.
Casting: Shock
Confirm with . or Enter, or press ? or * to list all spells.
Aiming: Shock
Press: ? - help, Shift-Dir - straight line The zap hits the orc warrior.
The orc warrior is lightly wounded.
The orc warrior shouts!
The zap hits the orc warrior.
The orc warrior is moderately wounded.
The orc shouts!
The adder hisses angrily.
A quokka comes into view.
The orc warrior hits you with a dire flail!
Ouch! That really hurt!
You climb upwards.
There is a stone staircase leading down here.
There is an open door here.
The orc warrior hits you with a dire flail!
You die...

..###.#.......# #.# #.....#.#.#
..#...#.......####.####..##.#.#.#
..#.###.......##............#.#.#
..#...........##.####.####..#.#.#
..#...........##.##.....##....#.#
..#.#.........#..#.[.....#.####.#
..#.#.##......'..#.......#.# #.#
....#.##......##o...._.....# #.#
..###.###.##...#@#.......#.# #.#
......# #....#.#.#.......#.# #.#
.#############.#.##.....##.####.#
.รท...............####.####......#
.#############.#.................
.# #....########<########.
.##########.#### #.# #.
...............# #.# #.
.##########....# #.# #.


You could see an orc warrior.

Vanquished Creatures
  An adder (D:2)
  A worm (D:2)
  A dart slug (D:1)
  2 giant geckos
  A giant cockroach (D:2)
  4 hobgoblins (D:1)
  4 jackals (D:2)
  6 kobolds
  A quokka (D:2)
  2 ball pythons
  8 bats
  2 giant newts
  7 goblins
  2 rats (D:2)
42 creatures vanquished.

Notes
Turn   | Place    | Note
-------+----------+-------------------------------------------
     0 | D:1      | poirepourri the Tengu Air Elementalist began the quest for the Orb.
     0 | D:1      | Reached XP level 1. HP: 10/10 MP: 4/4
   216 | D:1      | Reached XP level 2. HP: 8/15 MP: 0/6
  1232 | D:1      | Reached XP level 3. HP: 17/19 MP: 3/7
  1796 | D:2      | Found a shattered altar of Ashenzari.
  1869 | D:2      | Learned a level 2 spell: Swiftness
  1943 | D:2      | Reached skill level 5 in Air Magic
  2156 | D:2      | Learned a level 2 spell: Repel Missiles
  2350 | D:2      | Reached XP level 4. HP: 24/24 MP: 4/9
  2573 | D:3      | Noticed an orc warrior
  2587 | D:2      | Slain by an orc warrior

Vault maps used:
D:1:      sevenhm_arrival_forest_fort_small_3, st_stairs_6
D:2:      old_standard_altar, first_bread
D:3:      overflow_temple_1_default, solitary_fountain, uniq_sigmund

Skill      XL: |  1  2  3 |
---------------+----------+-----
Air Magic      | 5 |  5.2
Conjurations   | 2 |  2.2
Dodging        | |  2.1
Stealth        | |  2.0
Spellcasting   | |  2.9

Action                   |  1- 3 |  4- 6 || total
-------------------------+-------+-------++-------
Melee: Unarmed           |     1 |       ||     1
 Cast: Shock             |    74 |    12 ||    86
  Use: Scroll            |     2 |     3 ||     5
  Eat: Bread ration      |     2 |       ||     2
Armor: Robe              |     9 |     1 ||    10
Dodge: Dodged            |    14 |     5 ||    19
